 Dungeon Crawl Stone Soup version 0.27-a0-1555-g0e7b3fb1d2 (webtiles) character file.

Game seed: 15708234061937843735

20 Lemonice the Skirmisher (level 3, -1/30 HPs)
             Began as a Formicid Abyssal Knight on July 15, 2021.
             Was a Believer of Lugonu.
             Succumbed to a goblin's poison
             ... on level 1 of the Dungeon.
             The game lasted 00:01:14 (744 turns).

Lemonice the Skirmisher (Formicid Abyssal Knight)    Turns: 744, Time: 00:01:15

Health: -1/30      AC:  3    Str: 17    XL:     3   Next: 0%
Magic:  4/4        EV: 11    Int: 11    God:    Lugonu [**....]
Gold:   27         SH:  0    Dex: 10    Spells: 2/2 levels left

rFire    . . .     SeeInvis +   g - +0 war axe
rCold    . . .     Faith    .   (no shield)
rNeg     . . .     Spirit   .   b - +0 leather armour
rPois    .         Reflect  .   (helmet unavailable)
rElec    .         Harm     .   (no cloak)
rCorr    .         Rampage  .   (no gloves)
Will     .....                  (no boots)
Stlth    +.........             (no amulet)
HPRegen  0.10/turn              (no ring)
MPRegen  0.09/turn              (no ring)

@: lethally poisoned (-1 -> -15)
A: permanent stasis, dig shafts and tunnels, antennae 3, four strong arms
a: Dig, Shaft Self, Renounce Religion, Depart the Abyss, Bend Space


You were on level 1 of the Dungeon.
You worshipped Lugonu.
Lugonu was pleased with you.
You visited 1 branch of the dungeon, and saw 1 of its levels.
You visited the Abyss 1 time.

You collected 27 gold pieces.

Inventory:

Hand Weapons
 a - a +1 hand axe
 g - a +0 war axe (weapon)
Armour
 b - a +0 leather armour (worn)
Scrolls
 c - a scroll of identify {unknown}
 f - a scroll of brand weapon {unknown}
Potions
 d - a potion of might {unknown}
 e - a potion of attraction {unknown}
 h - a potion of mutation {unknown}


   Skills:
 + Level 3.7 Fighting
 + Level 2.3 Axes
 + Level 2.6 Armour
 - Level 0.8 Dodging
 - Level 2.1 Invocations


You had 2 spell levels left.
You didn't know any spells.
Your spell library was empty.

Dungeon Overview and Level Annotations

Branches:
Dungeon (1/15)

Altars:


Innate Abilities, Weirdness & Mutations

You cannot be hasted, slowed, berserked, paralysed or teleported.
You can dig through walls and to a lower floor.
You have a pair of large antennae on your head. (SInv)
Your four strong arms can wield two-handed weapons with a shield.


Message History

Lugonu accepts your kill.
You have reached level 3!
Your experience leads to an increase in your attributes!
Increase (S)trength, (I)ntelligence, or (D)exterity?
You feel stronger.
Things that are here:
a +0 dagger; a jackal corpse
Found 3 gold pieces.
A goblin comes into view. It is wielding a +0 dagger of venom.
You see here 3 gold pieces.
You now have 27 gold pieces (gained 3).
A rat comes into view.
The goblin hits you with a +0 dagger of venom.
You are poisoned.
You closely miss the goblin.
You feel very sick. The goblin closely misses you.
The goblin hits you but does no damage.
You are more poisoned.
You miss the goblin.
You feel very sick. The goblin closely misses you.
You hit the goblin but do no damage.
You feel very sick.
The goblin hits you with a +0 dagger of venom.
You are lethally poisoned!
You barely miss the goblin.
You feel very sick.
The goblin hits you with a +0 dagger of venom.
* * * LOW HITPOINT WARNING * * *
You are more poisoned.
The goblin barely misses you.
You closely miss the goblin.
* * * LOW HITPOINT WARNING * * *
You feel very sick.
The goblin hits you with a +0 dagger of venom.
* * * LOW HITPOINT WARNING * * *
You slash the goblin!
You kill the goblin!
Lugonu accepts your kill.
You can now bend space around yourself.
You die...

#.#....############
#.####.............
#.......##########.
#.####.##≈≈≈≈≈≈≈≈.8
#.####{#≈≈...[.≈≈≈.
#......#≈..≈≈≈..≈≈.
######.#..≈≈≈≈≈..≈.
#..########.#.≈≈...≈≈.≈.
#....r)@..#.'.≈..≈<≈..≈.
#.#######.#.'†≈.≈≈...≈≈.
#.###.≈..≈≈≈≈≈..
######.###.≈≈..≈≈≈..≈
..........#)≈≈≈.....≈≈
...........8.≈≈≈≈≈≈≈≈#
#########...##########
#####


You could see a rat.

Vanquished Creatures
  A dart slug (D:1)
  2 ball pythons (D:1)
  2 bats (D:1)
  An endoplasm (D:1)
  A goblin (D:1)
  2 hobgoblins (D:1)
  2 jackals (D:1)
  A quokka (D:1)
  A frilled lizard (D:1)
  4 kobolds (D:1)
  A rat (D:1)
18 creatures vanquished.

Notes
Turn   | Place    | Note
-------+----------+-------------------------------------------
     0 | Abyss:1  | Lemonice the Formicid Abyssal Knight began the quest for
                  | the Orb.
     0 | Abyss:1  | Reached XP level 1. HP: 18/18 MP: 2/2
     7 | D:1      | Escaped the Abyss
   146 | D:1      | Reached XP level 2. HP: 19/24 MP: 3/3
   664 | D:1      | Reached XP level 3. HP: 23/30 MP: 4/4
   744 | D:1      | Reached ** piety under Lugonu
   744 | D:1      | Succumbed to a goblin's poison

Illustrated notes

Levels and vault maps discovered:
D:1:      psy_arrival_whirlpool, layout_basic, shapermc_ecumenical_altar_petra,
          chequers_jeans

Action                   || total
-------------------------++-------
Melee: Hand axe          ||    36
       War axe           ||    26
Armor: Leather armour    ||    23
Dodge: Dodged            ||    33

Table legend: (Time is in decaauts)
 A = Elapsed time spent in this place.
 B = Non-inter-level travel time spent in this place.
 C = Inter-level travel time spent in this place.
 D = Time resting spent in this place.
 E = Time spent auto-exploring this place.
 F = Levels seen in this place.
 G = Mean time per level.
                   A        B        C        D        E       F      G
               +--------+--------+--------+--------+--------+-----+--------+
         Total |    760 |    760 |      0 |      0 |    580 |   2 |  380.0 |
       Dungeon |    753 |    753 |      0 |      0 |    580 |   1 |  753.0 |
         Abyss |      7 |      7 |      0 |      0 |      0 |   1 |    7.0 |
               +--------+--------+--------+--------+--------+-----+--------+

Top non-repeatable levels by time:
     D:1: 753 daAuts
 Abyss:1: 7 daAuts
